 Dungeon Crawl Stone Soup version 0.27.1-1-g398f81649c (webtiles) character file.

Game seed: 12638020361532260496

14931 ZARRMARR the Destroyer (level 12, -7/111 HPs)
             Began as an Octopode Conjurer on Sept 11, 2021.
             Was a Priest of Sif Muna.
             Mangled by a komodo dragon (19 damage)
             ... on level 3 of the Lair of Beasts.
             The game lasted 02:04:12 (22076 turns).

ZARRMARR the Destroyer (Octopode Conjurer)         Turns: 22076, Time: 02:04:15

Health: -7/111     AC: 26    Str: 14    XL:     12   Next: 21%
Magic:  13/24      EV:  2    Int: 24    God:    Sif Muna [***...]
Gold:   710        SH:  5    Dex: 16    Spells: 5/15 levels left

rFire    + + .     SeeInvis .   c - +3 short sword (elec)
rCold    . . .     Faith    +   A - +0 buckler
rNeg     + + +     Spirit   .   (helmet currently unavailable)
rPois    +         Reflect  .   a - amulet of faith
rElec    +         Harm     .   j - ring of protection from fire
rCorr    .         Rampage  .   m - ring of positive energy
Will     .....     NoTele   +   v - ring of protection from fire
Stlth    +++++.....             t - +6 ring of dexterity
HPRegen  0.28/turn              B - ring "Recorph" {Fly rElec Str+6}
MPRegen  0.19/turn              F - ring of magical power
                                (no ring)
                                (no ring)

@: tree-form
A: stationary, stasis, torment immunity, boosted hp, almost no armour,
(amphibious), 8 rings, (camouflage 1), (gelatinous body 1), (nimble swimmer 1),
(tentacles)
a: Renounce Religion, Channel Magic, Forget Spell


You were on level 3 of the Lair of Beasts.
You worshipped Sif Muna.
Sif Muna was most pleased with you.
You were a tree.
You visited 3 branches of the dungeon, and saw 16 of its levels.
You also visited: Sewer.

You collected 710 gold pieces.

Inventory:

Hand Weapons
 c - a +3 short sword of electrocution (weapon)
Armour
 r - a +2 hat (melded)
 A - a +0 buckler (worn)
Jewellery
 a - an amulet of faith (around neck)
 j - a ring of protection from fire (left branch)
 m - a ring of positive energy (right branch)
 t - a +6 ring of dexterity (on tentacle)
 v - a ring of protection from fire (on tentacle)
 B - the ring "Recorph" (on tentacle) {Fly rElec Str+6}
   (You found it on level 11 of the Dungeon)

   [ring of strength]

   Str:       It affects your strength (+6).
   rElec:     It insulates you from electricity.
   Fly:       It grants you flight.
 F - a ring of magical power (on tentacle)
Wands
 e - a wand of flame (15)
 u - a wand of polymorph (13)
 C - a wand of charming (10)
 E - a wand of digging (10)
Scrolls
 f - 3 scrolls of magic mapping
 h - a scroll of torment
 l - 8 scrolls of teleportation
 p - 4 scrolls of noise
 s - a scroll of vulnerability
 w - 2 scrolls of holy word
 x - a scroll of amnesia
 y - 2 scrolls of enchant armour
 D - a scroll of immolation {unknown}
Potions
 b - 2 potions of berserk rage
 g - 4 potions of curing
 i - a potion of might {unknown}
 n - 4 potions of resistance
 o - 2 potions of magic {unknown}
 q - 2 potions of haste {unknown}
 z - 2 potions of heal wounds {unknown}
Miscellaneous
 k - a piece from Xom's chessboard (15/15)


   Skills:
 - Level 4.0 Fighting
 - Level 4.0 Dodging
 - Level 10.3 Stealth
 - Level 4.0 Shields
 - Level 2.0 Spellcasting
 - Level 13.0 Conjurations
 * Level 10.0 Hexes
 - Level 5.0 Invocations
 + Level 0.7 Evocations


You had 5 spell levels left.
You knew the following spells:

 Your Spells              Type           Power      Damage    Failure   Level
a - Magic Dart            Conj           100%       1d8       1%          1
b - Searing Ray           Conj           100%       3d7       1%          2
c - Dazzling Flash        Conj/Hex       100%       N/A       1%          3
d - Corona                Hex            55%        N/A       1%          1
e - Tukima's Dance        Hex            50%        N/A       1%          3

Your spell library contained the following spells:

 Spells                   Type           Power      Damage    Failure   Level
 Static Discharge         Conj/Air       33%        N/A       1%          2
 Fulminant Prism          Conj/Hex       27%        3d14      1%          4
 Ensorcelled Hibernation  Hex/Ice        52%        N/A       2%          2
 Iskenderun's Mystic Bla  Conj/Tloc      33%        2d8       9%          4
 Sting                    Tmut/Pois      8%         1d3       12%         1
 Blink                    Tloc           N/A        N/A       19%         2
 Poisonous Vapours        Pois/Air       4%         N/A       19%         2
 Sublimation of Blood     Necr           1%         N/A       19%         2
 Irradiate                Conj/Tmut      16%        3d18      22%         5
 Lightning Bolt           Conj/Air       16%        1d30      22%         5
 Gell's Gravitas          Tloc           1%         N/A       34%         3
 Lesser Beckoning         Tloc           1%         N/A       34%         3
 Ozocubu's Armour         Ice            2%         N/A       34%         3
 Teleport Other           Tloc           2%         N/A       34%         3
 Summon Mana Viper        Hex/Summ       26%        N/A       38%         5
 Olgreb's Toxic Radiance  Pois           2%         N/A       75%         4
 Petrify                  Tmut/Erth      2%         N/A       75%         4
 Summon Ice Beast         Ice/Summ       2%         N/A       75%         4
 Manifold Assault         Tloc           2%         N/A       97%         5
 Summon Forest            Summ/Tloc      1%         N/A       97%         5
 Shadow Creatures         Summ           N/A        N/A       100%        6
 Monstrous Menagerie      Summ           1%         N/A       100%        7
 Ozocubu's Refrigeration  Ice            1%         4d5       100%        7
 Storm Form               Tmut/Air       1%         N/A       100%        7
 Maxwell's Capacitive Co  Air            1%         ∞         100%        8


Dungeon Overview and Level Annotations

Branches:
Dungeon (12/15)            Temple (1/1) D:7            Lair (3/6) D:11
 Spider (0/4) Lair:2          Orc (0/2) D:11          Sewer (visited)
  Swamp: Lair:2-4    Shoals: Lair:2-4

Altars:
Ashenzari
Cheibriados
Dithmenos
Elyvilon
Fedhas
Gozag
Hepliaklqana
Kikubaaqudgha
Makhleb
Nemelex Xobeh
Okawaru
Qazlal
Ru
Sif Muna
Trog
Uskayaw
Vehumet
Wu Jian
Xom
Yredelemnul
Zin
The Shining One

Annotations:
D:2 exclusion: downstairs
D:4 exclusion: downstairs
D:6 exclusion: downstairs
D:7 exclusion: downstairs
D:8 exclusions: downstairs, orc priest, yaktaur and zombie
D:9 exclusions: howler monkey, orc wizard, 2 two-headed ogres, water moccasin, wight, 2 wolves, 2 yaks and 2 zombies, Maurice
D:10 exclusions: downstairs and vampire, Maggie
D:12 exclusions: centaur and troll
Lair:2 exclusion: 2 downstairs
Lair:3 1 runed translucent door, exclusions: basilisk, black bear, bullfrog, cane toad, 2 komodo dragons, rime drake, steam dragon, water moccasin and wolf, Best's ghost, journeyman KoEn


Innate Abilities, Weirdness & Mutations

You are a tree.
Your roots penetrate the ground, keeping you stationary.
You cannot be teleported.
You are immune to unholy pain and torment.
Your maximum health is greatly increased.
You cannot wear most types of armour.
((You are amphibious.))
You can wear up to eight rings at the same time.
((Your skin changes colour to match your surroundings (Stealth+).))
((Your rubbery body absorbs attacks. (AC +1, EV +1)))
((You are camouflaged near water. (Stealth+)))
((You have tentacles for arms and can constrict up to eight enemies at once.))


Message History

The searing ray hits the komodo dragon!
The komodo dragon is moderately wounded.
You finish channeling your searing ray.
The komodo dragon bites you!!
Casting: Searing Ray (safe; 1% risk of failure)
Confirm with . or Enter, or press ? or * to list all spells.
Aiming: Searing Ray (safe; 1% risk of failure)
Press: ? - help, Shift-Dir - straight line
Okay, then.
Unknown command.
Press: ? - help, v - describe, . - travel, g - get item
Here: a komodo dragon (moderately wounded) Item here: a bullfrog corpse.
The floor, spattered with blood.
You turn into a tree.
Your +2 hat melds into your body.
Your roots penetrate the ground.
The komodo dragon bites you!!
* * * LOW HITPOINT WARNING * * *
Casting: Searing Ray (safe; 1% risk of failure)
Confirm with . or Enter, or press ? or * to list all spells.
Aiming: Searing Ray (safe; 1% risk of failure)
Press: ? - help, Shift-Dir - straight line The searing ray hits the komodo dragon!
The komodo dragon is severely wounded. (Press . to maintain the ray.)
The komodo dragon bites you!!
* * * LOW HITPOINT WARNING * * *
Unknown command.
Casting: Searing Ray (safe; 1% risk of failure)
Confirm with . or Enter, or press ? or * to list all spells.
The komodo dragon is dazzled.
The komodo dragon bites you but does no damage.
Unknown command.
Casting: Dazzling Flash (safe; 1% risk of failure)
Confirm with . or Enter, or press ? or * to list all spells.
Aiming: Searing Ray (safe; 1% risk of failure)
Press: ? - help, Shift-Dir - straight line The searing ray hits the komodo dragon!
The komodo dragon is almost dead. (Press . to maintain the ray.)
The komodo dragon bites you!!
You die...

..##....###.# #♣
...####..#..# #..
...P##......# ...♣
....######..#######...##
##...##.................
###.####...............$
#.##.#...##....#......
#.....#..###..........
###..........l♣......#
....#####:!..#....##
#...# #....# ##[# ....#
##...# # .## ##### ##


You could see a komodo dragon (blind).

Vanquished Creatures
  An orb spider (Lair:2)
  An unseen horror (D:11)
  3 cane toads
  2 komodo dragons
  2 polar bears (Lair:1)
  A troll (D:10)
  6 blink frogs
  A shadow (D:11)
  24 yaks
  A basilisk (Lair:1)
  The ghost of ZARRMARR the Sneak, an amateur OpMo (D:4)
  2 steam dragons (D:10)
  6 water moccasins
  3 orc warriors
  3 ogres
  3 phantoms
  10 wolves
  5 centaurs
  2 kobold brigands
  11 bullfrogs
  A gnoll sergeant (D:11)
  6 scorpions
  A water moccasin skeleton (D:7)
  9 killer bees
  6 wights
  2 howler monkeys (D:9)
  9 centaur zombies
  A jelly (D:7)
  A bullfrog skeleton (D:6)
  A hound (D:5)
  An iron imp (D:5)
  2 gnoll shamans
  Terence (D:3)
  2 centaur skeletons (D:7)
  2 iguanas
  A merfolk avatar (Sewer)
  2 merfolk sirens (Sewer)
  5 orc wizards
  A killer bee zombie (D:6)
  A howler monkey zombie (D:6)
  17 gnolls
  3 river rats (Sewer)
  10 adders
  A howler monkey skeleton (D:6)
  A white imp (D:5)
  2 worms
  3 dart slugs
  40 orcs
  6 ball pythons
  10 endoplasms
  13 giant cockroaches
  5 goblins
  8 hobgoblins
  15 kobolds
  7 quokkas
  12 bats
  7 frilled lizards
  A goblin zombie (D:5)
  2 hobgoblin zombies (D:5)
  A kobold skeleton (D:5)
  2 orc skeletons (D:5)
  25 rats
334 creatures vanquished.

Vanquished Creatures (others)
  20 fungi
  6 plants
26 creatures vanquished.

Grand Total: 360 creatures vanquished

Notes
Turn   | Place    | Note
-------+----------+-------------------------------------------
     0 | D:1      | ZARRMARR the Octopode Conjurer began the quest for the Orb.
     0 | D:1      | Reached XP level 1. HP: 11/11 MP: 3/3
   235 | D:1      | Reached XP level 2. HP: 17/17 MP: 1/5
   959 | D:1      | Found a faded altar of an unknown god.
  1143 | D:2      | Reached XP level 3. HP: 21/21 MP: 2/6
  1708 | D:2      | Reached skill level 5 in Conjurations
  2096 | D:2      | Learned a level 2 spell: Searing Ray
  2144 | D:3      | Reached XP level 4. HP: 22/27 MP: 4/7
  2144 | D:3      | Noticed Terence
  2643 | D:4      | Found a glowing drain.
  2689 | Sewer    | Entered a sewer
  2930 | Sewer    | Reached XP level 5. HP: 12/31 MP: 4/8
  3245 | Sewer    | Reached skill level 5 in Stealth
  3245 | Sewer    | Reached skill level 6 in Conjurations
  3515 | Sewer    | Reached XP level 6. HP: 36/36 MP: 3/9
  4018 | D:4      | Found a broken altar of Ashenzari.
  4326 | D:4      | Found a runed translucent door.
  4328 | D:4      | Noticed ZARRMARR's ghost (amateur OpMo)
  4866 | D:4      | Reached skill level 7 in Conjurations
  5303 | D:4      | Reached XP level 7. HP: 34/41 MP: 6/10
  5447 | D:5      | Entered Level 5 of the Dungeon
  6025 | D:5      | Reached skill level 8 in Conjurations
  6025 | D:5      | Reached XP level 8. HP: 46/46 MP: 4/11
  6197 | D:5      | Found a glowing silver altar of Zin.
  6320 | D:5      | Found a glowing golden altar of the Shining One.
  6614 | D:5      | Reached skill level 9 in Conjurations
  6946 | D:5      | Found an opulent altar of Gozag.
  8074 | D:6      | Reached skill level 10 in Conjurations
  8074 | D:6      | Reached XP level 9. HP: 32/51 MP: 8/12
  8589 | D:7      | Reached skill level 10 in Stealth
  8788 | D:7      | Found a staircase to the Ecumenical Temple.
  8850 | D:7      | Found a blossoming altar of Fedhas.
  8887 | D:7      | Found a burning altar of Makhleb.
  9538 | D:7      | Learned a level 3 spell: Dazzling Flash
  9563 | D:7      | Reached skill level 1 in Hexes
  9874 | Temple   | Entered the Ecumenical Temple
 10136 | Temple   | Became a worshipper of Sif Muna the Loreminder
 10188 | D:7      | Reached skill level 11 in Conjurations
 10303 | D:7      | Found a sacrificial altar of Ru.
 10483 | D:8      | Noticed a brown ugly thing
 10685 | D:3      | Killed Terence
 11140 | D:3      | Reached * piety under Sif Muna
 11188 | D:3      | Found a bloodstained altar of Trog.
 11341 | D:4      | Killed ZARRMARR's ghost
 11474 | D:8      | Found a snail-covered altar of Cheibriados.
 11741 | D:9      | Noticed a two-headed ogre
 11817 | D:9      | Noticed Maurice
 12535 | D:9      | Reached XP level 10. HP: 56/56 MP: 13/13
 12734 | D:9      | Noticed a two-headed ogre
 12755 | D:9      | Noticed a boulder beetle
 12771 | D:9      | Paralysed by a floating eye for 4 turns
 13672 | D:10     | Entered Level 10 of the Dungeon
 13680 | D:10     | Found a sparkling altar of Nemelex Xobeh.
 13798 | D:10     | Noticed Maggie
 13962 | D:10     | Found a shadowy altar of Dithmenos.
 14434 | D:10     | Reached ** piety under Sif Muna
 14505 | D:10     | Reached skill level 5 in Hexes
 14510 | D:10     | Reached skill level 1 in Shields
 15036 | D:10     | Reached skill level 1 in Invocations
 15811 | D:11     | Identified the ring "Recorph" {Fly rElec Str+6}
 15903 | D:11     | Reached skill level 12 in Conjurations
 15931 | D:11     | Killed an unseen horror
 16423 | D:11     | Reached XP level 11. HP: 59/61 MP: 14/14
 16503 | D:11     | Found a staircase to the Lair.
 16693 | D:11     | Found a staircase to the Orcish Mines.
 17056 | D:12     | Noticed a six-headed hydra
 17611 | Lair:1   | Entered Level 1 of the Lair of Beasts
 19035 | Lair:1   | Reached skill level 13 in Conjurations
 19035 | Lair:1   | Reached skill level 5 in Invocations
 19037 | Lair:1   | Learned a level 1 spell: Corona
 19629 | Lair:2   | Found a hole to the Spider Nest.
 19629 | Lair:2   | Noticed an orb spider
 19861 | Lair:2   | Killed an orb spider
 19862 | Lair:2   | Reached skill level 1 in Fighting
 20610 | Lair:2   | Learned a level 3 spell: Tukima's Dance
 20611 | Lair:3   | Noticed Best's ghost (journeyman KoEn)
 20611 | Lair:3   | Found a runed translucent door.
 20862 | Lair:3   | Reached *** piety under Sif Muna
 21002 | Lair:2   | Reached XP level 12. HP: 72/72 MP: 15/15
 22063 | Lair:3   | Reached skill level 10 in Hexes
 22076 | Lair:3   | Mangled by a komodo dragon

Illustrated notes

Levels and vault maps discovered:
D:1:      roderic_octagonal_star, layout_basic,
          shapermc_ecumenical_altar_mp_urbaneastern, chequers_avenue,
          kennysheep_flooded_box
D:2:      layout_loops_ring, amethyst_killhole, minmay_door_square,
          chequers_serial_rivers_micro_e, kennysheep_generic_room_13
D:3:      layout_basic, bloody_trog, item_on_display_a, uniq_terence
D:4:      layout_loops_corners, lemuel_round_altar, gup_sewer_entry_bubbles,
          ebering_ghost_sewer_d, serial_glass, glass_columns_a, glass_columns_b,
          item_on_display_b, minmay_strange_pillars, due_unseen_surprise,
          minmay_cupped
D:5:      old_forge, layout_cave_pools, mainiacjoe_overflow_24_doors,
          mainiacjoe_overflow_alcove_2, nicolae_tso_besieged_by_evil
D:6:      layout_rooms, serial_corexii_hall, chequers_hall_statues_corner_a,
          chequers_hall_statues_corner_a
D:7:      layout_loops_ring, nicolae_ru_path_of_blood, kennysheep_little_box,
          fedhas_altar_fruit_tree, minmay_temple_entry_butterflies,
          lightli_minifort
D:8:      layout_gridville, kennysheep_slug_shrine, kennysheep_island_fort
D:9:      layout_roguey, st_stairs_11, onia_ninara_cookie, uniq_harold,
          uniq_maurice, uniq_pikel, uniq_grum
D:10:     layout_roguey, grunt_dithmenos_smoke_and_mirrors,
          mainiacjoe_overflow_paths, uniq_maggie
D:11:     layout_loops_cross, lair_entry_dummy, david_orc_2,
          hangedman_decor_opposing
D:12:     layout_loops_ring, nzn_wu_jian_council_hall
Temple:   minmay_temple_curvy_loop
Lair:1:   layout_roguey
Lair:2:   layout_regular_city, nicolae_spider_entry_orb_guardian,
          serial_bayou_pond_c
Lair:3:   nzn_winding_woodlands_small
          [nzn_winding_woodlands_5x15_river_crossing,
          nzn_winding_woodlands_center_triple_pond,
          nzn_winding_woodlands_5x15_twine], layout_misc_corridors,
          hellmonk_ghost_happy_afterlife, minmay_lair_oklob_chamber,
          serial_bayou_shore_b, serial_bayou_shore_a

Skill      XL: |  1  2  3  4  5  6  7  8  9 10 11 12 |
---------------+-------------------------------------+-----
Stealth        | 3 4 5 6 7 9 10 | 10.3
Conjurations   | 5 6 7 8 10 11 12 13 | 13.0
Hexes          | 3 6 9 10 | 10.0
Dodging        | 3 4 |  4.0
Shields        | 4 |  4.0
Invocations    | 3 5 |  5.0
Fighting       | 3 4 |  4.0
Spellcasting   | |  2.0
Evocations     | |  0.7

Action                   |  1- 3 |  4- 6 |  7- 9 | 10-12 || total
-------------------------+-------+-------+-------+-------++-------
Melee: Short sword       |     8 |    48 |    47 |    52 ||   155
       Constrict         |     1 |     7 |     7 |     5 ||    20
       Tentacles         |       |     4 |     5 |    16 ||    25
 Cast: Magic Dart        |    54 |    23 |    41 |    47 ||   165
       Searing Ray       |     2 |    25 |    73 |   113 ||   213
       Dazzling Flash    |       |       |       |     3 ||     3
Invok: Channel Magic     |       |       |       |     4 ||     4
Evoke: Wand              |       |       |     4 |    24 ||    28
  Use: Scroll            |     3 |     1 |    12 |     8 ||    24
       Potion            |       |     1 |       |     3 ||     4
 Stab: Sleeping          |     5 |    26 |    24 |    24 ||    79
Armor: Skin              |     1 |     2 |     7 |    54 ||    64
Dodge: Dodged            |     6 |    32 |    53 |   136 ||   227
Block: Other             |       |       |    15 |       ||    15
       Reflection        |       |       |     1 |       ||     1
       Buckler           |       |       |       |    44 ||    44
